 Dungeon Crawl Stone Soup version 0.32-a0-938-g40ac7a0f4d (webtiles) character file.

Game seed: 3857397327371381491

107 Daunt the Slasher (level 4, 0/33 HPs)
             Began as a Coglin Gladiator on Apr 15, 2024.
             Slain by a gnoll
             ... wielding a +0 flail
              (1 damage)
             ... on level 2 of the Dungeon.
             The game lasted 00:02:58 (1459 turns).

Daunt the Slasher (Coglin Gladiator)                Turns: 1459, Time: 00:02:58

Health: 0/33       AC:  6    Str: 14    XL:     4   Next: 86%
Magic:  4/4        EV: 10    Int:  7    God:
Gold:   102        SH:  0    Dex: 18    Spells: 3/3 levels left

rFire   . . .        a - +0 long sword {Jinae}
rCold   . . .        f - +0 dagger {Servia}
rNeg    . . .        g - +0 ring mail
rPois   .            c - +0 helmet
rElec   .            (no cloak)
rCorr   .            (no gloves)
SInv    .            (no boots)
Will    .....        (amulet unavailable)
Stlth   +            (ring unavailable)
HPRegen 0.25/turn    (ring unavailable)
MPRegen 0.09/turn    (no gizmo)

%: no passive effects
@: revved
A: off-hand wielding, slow wielding, warmup strikes, no jewellery
a: Invent Gizmo


You were on level 2 of the Dungeon.
You visited 1 branch of the dungeon, and saw 2 of its levels.

You collected 102 gold pieces.

Inventory:

Hand Weapons
 a - a +0 long sword (weapon) {Jinae}
 f - a +0 dagger (offhand) {Servia}
Missiles
 d - 3 throwing nets (quivered)
 e - a javelin
 h - 32 stones
 n - 3 poisoned darts
Armour
 b - a +0 leather armour
 c - a +0 helmet (worn)
 g - a +0 ring mail (worn)
Wands
 q - a wand of flame (24)
Scrolls
 k - a scroll of blinking {unknown}
 l - a scroll of noise {unknown}
 o - a scroll of immolation {unknown}
Potions
 i - a potion of mutation {unknown}
 j - a potion of heal wounds {unknown}
 m - a potion of cancellation {unknown}
 p - a potion of enlightenment {unknown}
 r - 2 potions of lignification {unknown}


   Skills:
 - Level 2.0 Fighting
 + Level 5.4 Long Blades
 - Level 1.7 Throwing
 - Level 2.6 Dodging


You had 3 spell levels left.
You didn't know any spells.
Your spell library was empty.

Dungeon Overview and Level Annotations

Branches:
Dungeon (2/15)

Altars:


Innate Abilities, Weirdness & Mutations

You can wield a second weapon in your off-hand.
It takes a long time for you to wield or remove held weapons.
Your first few attacks do less damage.
You cannot equip rings or amulets.


Message History

The gnoll shouts!
You slash the gnoll with your +0 long sword!
The gnoll is heavily wounded.
You hit the gnoll with your +0 dagger. The gnoll hits you with a +0 whip.
You hit the gnoll but do no damage.
The gnoll is severely wounded.
You hit the gnoll with your +0 dagger. The gnoll hits you with a +0 whip.
You hit the gnoll with your +0 long sword.
The gnoll is almost dead.
You barely miss the gnoll with your +0 dagger.
The gnoll hits you from afar with a +0 spear.
The gnoll hits you but does no damage.
You hit the gnoll with your +0 dagger.
The gnoll is almost dead.
You hit the gnoll with your +0 long sword.
You kill the gnoll!
The gnoll misses you.
The gnoll hits you from afar with a +0 spear.
Unknown command.
Unknown command.
You barely miss the gnoll with your +0 long sword.
You hit the gnoll with your +0 dagger. The gnoll hits you with a +0 flail.
The gnoll hits you from afar with a +0 spear.
You are too injured to fight recklessly!
You barely miss the gnoll with your +0 long sword.
The gnoll is lightly wounded.
You barely miss the gnoll with your +0 dagger.
The gnoll hits you with a +0 flail.
The gnoll hits you from afar with a +0 spear.
* * * LOW HITPOINT WARNING * * *
You hit the gnoll but do no damage.
The gnoll is lightly wounded.
You hit the gnoll but do no damage. The gnoll hits you with a +0 flail!
* * * LOW HITPOINT WARNING * * *
The gnoll misses you.
You hit the gnoll with your +0 dagger.
The gnoll is moderately wounded.
You hit the gnoll with your +0 long sword.
The gnoll hits you with a +0 flail.
You die...

.....#.#######...........#.#..#
####.#.......#......##.#.#.#..#
#.=.##....#......##.....#..#
###†#.......#.#######.....#..###
#...........#.# #...........
##.............### #...........
.#.........###.g.### #...........
.+.........# #.#)g.# #.#'########
.#.........# #.#@#.###.#.# #..
.#.........# #.#.......#.# #.#
.#.........# #.#.#.#####.######.#
##.........# #..........÷........
#.........# #...........######.#
##.........###..##.......######.#
...[.........†..##.......##.....#
............###.##.......##.#####
.......#.##.# #.##.......##.#


You could see 2 gnolls.

Vanquished Creatures
  Jessica (D:2)
  3 adders (D:2)
  A gnoll (D:2)
  2 dart slugs
  2 ribbon worms (D:2)
  4 bats
  3 endoplasms
  4 goblins
  5 hobgoblins
  A kobold (D:1)
  4 ball pythons
  3 frilled lizards
  4 rats
37 creatures vanquished.

Notes
Turn   | Place    | Note
-------+----------+-------------------------------------------
     0 | D:1      | Daunt the Coglin Gladiator began the quest for the Orb.
     0 | D:1      | Reached XP level 1. HP: 16/16 MP: 1/1
   109 | D:1      | Reached XP level 2. HP: 20/22 MP: 2/2
   497 | D:1      | Reached skill level 4 in Long Blades
   774 | D:1      | Reached XP level 3. HP: 27/27 MP: 3/3
  1235 | D:2      | Reached XP level 4. HP: 33/33 MP: 4/4
  1275 | D:2      | Noticed Jessica
  1282 | D:2      | Killed Jessica
  1283 | D:2      | Reached skill level 5 in Long Blades
  1458 | D:2      | HP: 1/33 [gnoll/+0 flail (7)]
  1459 | D:2      | Slain by a gnoll

Illustrated notes

Levels and vault maps discovered:
D:1:      wander_arrival_desolate, layout_basic
D:2:      layout_basic, guppyfry_early_lair_pool, uniq_jessica

Skill      XL: |  1  2  3  4 |
---------------+-------------+-----
Long Blades    | 4 5 |  5.4
Fighting       | |  2.0
Throwing       | |  1.7
Dodging        | |  2.6

Action                     |  1- 3 |  4- 6 || total
---------------------------+-------+-------++-------
  Melee: Long sword        |    54 |    24 ||    78
         Dagger            |    51 |    21 ||    72
   Stab: Held in net/web   |     1 |       ||     1
 Armour: Leather armour    |     5 |       ||     5
         Ring mail         |    28 |    18 ||    46
  Dodge: Dodged            |    28 |    14 ||    42

Table legend: (Time is in decaauts)
 A = Elapsed time spent in this place.
 B = Non-inter-level travel time spent in this place.
 C = Inter-level travel time spent in this place.
 D = Time resting spent in this place.
 E = Time spent auto-exploring this place.
 F = Levels seen in this place.
 G = Mean time per level.
                   A        B        C        D        E       F      G
               +--------+--------+--------+--------+--------+-----+--------+
         Total |   1462 |   1423 |     39 |      0 |   1126 |   2 |  731.0 |
       Dungeon |   1462 |   1423 |     39 |      0 |   1126 |   2 |  731.0 |
               +--------+--------+--------+--------+--------+-----+--------+

Top non-repeatable levels by time:
     D:1: 873 daAuts
     D:2: 589 daAuts
